 Dungeon Crawl Stone Soup version 0.30-a0-859-gf88a04b62d (webtiles) character file.

Game seed: 205394824393352007

2092770 ragingrage the Imperceptible (level 27, 86/265 HPs)
             Began as a Gnoll Delver on Mar 7, 2023.
             Was a High Priest of Cheibriados.
             Escaped with the Orb
             ... and 4 runes!
             The game lasted 01:58:57 (85256 turns).

ragingrage the Imperceptible (Gnoll Delver)        Turns: 85256, Time: 01:58:58

Health: 86/265     AC: 32    Str: 25    XL:     27
Magic:  34/47      EV: 48    Int: 30    God:    Cheibriados [*****.]
Gold:   4807       SH: 23    Dex: 29    Spells: 2/66 levels left

rFire   + . .      SeeInvis +    b - +5 Maxwell's thermic engine {flame, freeze}
rCold   + . .      Faith    .    c - +5 Storm Queen's Shield {shock, Fly rElec}
rNeg    + + .      Spirit   .    a - melded +12 gold dragon scales
rPois   ∞          Reflect  .    K - -2 hat of the Alchemist {rElec rPois rF+ rC+ rN+ Will+ rMut rCorr}
rElec   +          Rampage  .    M - +1 cloak of Starlight {*Dazzle EV+4 Stlth--}
rCorr   +                        O - melded +2 pair of gloves {Str+3}
rMut    +                        P - melded +0 pair of boots "Zefugg" {Int+4}
Will    +++..                    o - amulet of magic regeneration
Stlth   +++                      L - ring of the Hare {EV+10}
HPRegen 0.64/turn                A - ring "Kucw" {Str+4 SInv}
MPRegen 0.70/turn

@: statue-form, flying, studying Fire Magic, very slow
A: slow and powerful, torment resistance 1, boosted hp, fangs 1, strong nose,
distributed training, frail 1, screaming 1, weak 1
0: Orb of Zot
}: 4/15 runes: serpentine, barnacled, slimy, silver
a: End Transformation, Renounce Religion, Bend Time, Temporal Distortion,
Slouch, Step From Time


You escaped.
You worshipped Cheibriados.
Cheibriados was extremely pleased with you.
You were a living statue of rough stone.
You visited 11 branches of the dungeon, and saw 53 of its levels.
You visited the Abyss 1 time.
You visited 2 bazaars.
You also visited: Ice Cave.

You collected 8419 gold pieces.
You spent 3612 gold pieces at shops.

Inventory:

Hand Weapons
 b - the +5 Maxwell's thermic engine (weapon) {flame, freeze}
   (You found it in an ice cave)

   It becomes more effective when it hits something.
   This effect fades over time.
Missiles
 r - 5 throwing nets
 W - 4 silver javelins
Armour
 a - +12 gold dragon scales (melded)
 c - the +5 Storm Queen's Shield (worn) {shock, Fly rElec}
   (You bought it in a shop in a bazaar)

   Shock:     When it blocks an attack, it may electrocute the attacker.
   This works even against foes who are a short distance away.
   rElec:     It insulates you from electricity.
   Fly:       It grants you flight.
 p - the +2 shield of Resistance {rF++ rC++ Will++}
   (You found it on level 5 of the Pits of Slime)

   rF:        It greatly protects you from fire.
   rC:        It greatly protects you from cold.
   Will:      It greatly increases your willpower.
 K - the -2 hat of the Alchemist (worn) {rElec rPois rF+ rC+ rN+ Will+ rMut rCorr}
   (You found it on level 5 of the Vaults)

   rF:        It protects you from fire.
   rC:        It protects you from cold.
   rElec:     It insulates you from electricity.
   rPois:     It protects you from poison.
   rN:        It protects you from negative energy.
   rCorr:     It protects you from acid and corrosion.
   rMut:      It protects you from mutation.
   Will:      It increases your willpower.
 M - the +1 cloak of Starlight (worn) {*Dazzle EV+4 Stlth--}
   (You acquired it in a bazaar)

   *Dazzle:   It may blind those who miss an attack against the wearer in melee
   combat.
   EV:        It affects your evasion (+4).
   Stlth:     It makes you much less stealthy.
 O - a +2 pair of gloves of strength (melded)
 P - the +0 pair of boots "Zefugg" (melded) {Int+4}
   (You found it on level 3 of the Snake Pit)

   Int:       It affects your intelligence (+4).
Jewellery
 l - the ring of Voucim {rElec rN++ Will+ rCorr Str-2}
   (You found it on level 3 of the Depths)

   [ring of willpower]

   Str:       It affects your strength (-2).
   rElec:     It insulates you from electricity.
   rN:        It greatly protects you from negative energy.
   rCorr:     It protects you from acid and corrosion.
   Will:      It increases your willpower.
 o - an amulet of magic regeneration (around neck)
 u - an amulet of faith
 A - the ring "Kucw" (right fist) {Str+4 SInv}
   (You took it off a deep elf high priest on level 3 of the Elven Halls)

   [ring of see invisible]

   Str:       It affects your strength (+4).
   SInv:      It lets you see invisible.
 L - the ring of the Hare (left fist) {EV+10}
   (You found it on level 5 of the Pits of Slime)

   [ring of evasion]

   EV:        It affects your evasion (+10).
Wands
 g - a wand of digging (17)
 D - a wand of paralysis (26)
 H - a wand of roots (31)
 Q - a wand of acid (48)
Scrolls
 d - 4 scrolls of magic mapping
 e - 11 scrolls of fear
 f - 7 scrolls of enchant weapon
 h - 2 scrolls of silence
 i - 5 scrolls of blinking
 j - 13 scrolls of immolation
 k - 3 scrolls of amnesia
 n - 3 scrolls of poison
 v - 7 scrolls of vulnerability
 z - 7 scrolls of butterflies
 B - 38 scrolls of teleportation
 X - 11 scrolls of fog
Potions
 t - 10 potions of brilliance
 w - 11 potions of flight
 x - 23 potions of curing
 y - 10 potions of resistance
 C - 7 potions of attraction
 E - 16 potions of haste
 G - 3 potions of ambrosia
 I - 8 potions of heal wounds
 J - 5 potions of invisibility
 N - 2 potions of magic
 R - 16 potions of lignification
 S - 10 potions of might
 T - 7 potions of cancellation
 V - 10 potions of mutation
 Z - 7 potions of berserk rage
Miscellaneous
 m - a tin of tremorstones (2/2)
 q - a phial of floods
 s - a condenser vane
 U - a box of beasts
 Y - a phantom mirror


   Skills:
 + Level 20.8 Fighting
 + Level 20.0 Short Blades
 + Level 20.4 Long Blades
 + Level 20.0 Axes
 + Level 20.0 Maces & Flails
 + Level 20.0 Polearms
 + Level 20.0 Staves
 + Level 20.0 Ranged Weapons
 + Level 20.0 Throwing
 + Level 20.0 Armour
 + Level 20.4 Dodging
 + Level 21.7 Stealth
 + Level 20.0 Shields
 + Level 20.0 Unarmed Combat
 + Level 20.0 Spellcasting
 + Level 17.1 Conjurations
 + Level 17.1 Hexes
 + Level 17.1 Summonings
 + Level 17.1 Necromancy
 + Level 17.1 Translocations
 + Level 17.1 Transmutations
 + Level 19.9 Fire Magic
 + Level 17.1 Ice Magic
 + Level 17.1 Air Magic
 + Level 17.1 Earth Magic
 + Level 17.1 Poison Magic
 + Level 21.6 Invocations
 + Level 20.0 Evocations


You had 2 spell levels left.
You knew the following spells:

 Your Spells              Type           Power      Damage    Failure   Level
a - Death Channel         Necr           46%        N/A       1%          6
b - Wereblood             Tmut           93%        N/A       0%          2
c - Animate Armour        Summ/Erth      100%       N/A       0%          4
d - Blink                 Tloc           100%       N/A       0%          2
e - Stone Arrow           Conj/Erth      100%       3d13      0%          3
f - Dispersal             Tloc           46%        N/A       1%          6
g - Passwall              Tmut/Erth      77%        N/A       0%          2
h - Irradiate             Conj/Tmut      46%        3d27      1%          5
i - Summon Mana Viper     Hex/Summ       93%        N/A       1%          5
j - Animate Dead          Necr           93%        N/A       0%          4
k - Borgnjor's Vile Clut  Necr/Erth      46%        N/A       1%          5
l - Lesser Beckoning      Tloc           100%       N/A       0%          2
m - Manifold Assault      Tloc           93%        N/A       0%          4
n - Ignition              Fire           49%        3d14      3%          8
o - Statue Form           Tmut/Erth      62%        N/A       1%          6

Your spell library contained the following spells:

 Spells                   Type           Power      Damage    Failure   Level
 Beastly Appendage        Tmut           100%       N/A       0%          1
 Foxfire                  Conj/Fire      100%       2x1d9     0%          1
 Freeze                   Ice            100%       1d10      0%          1
 Magic Dart               Conj           100%       1d8       0%          1
 Necrotise                Necr           100%       1d9       0%          1
 Sandblast                Erth           100%       2d20      0%          1
 Shock                    Conj/Air       100%       1d9       0%          1
 Slow                     Hex            100%       N/A       0%          1
 Call Imp                 Summ           93%        N/A       0%          2
 Cigotuvi's Dreadful Rot  Necr/Pois/Air  100%       N/A       0%          2
 Ensorcelled Hibernation  Hex/Ice        100%       N/A       0%          2
 Momentum Strike          Conj/Tloc      100%       3d10      0%          2
 Poisonous Vapours        Pois/Air       100%       N/A       0%          2
 Sublimation of Blood     Necr           93%        N/A       0%          2
 Confusing Touch          Hex            93%        N/A       0%          3
 Frozen Ramparts          Ice            100%       1d16      0%          3
 Gell's Gravitas          Tloc           93%        N/A       0%          3
 Hailstorm                Conj/Ice       93%        3d18      0%          3
 Ignite Poison            Fire/Tmut/Pois 95%        N/A       0%          3
 Mephitic Cloud           Conj/Pois/Air  93%        N/A       0%          3
 Ozocubu's Armour         Ice            93%        N/A       0%          3
 Portal Projectile        Hex/Tloc       100%       N/A       0%          3
 Spider Form              Tmut/Pois      93%        N/A       0%          3
 Summon Guardian Golem    Hex/Summ       93%        N/A       0%          3
 Swiftness                Air            93%        N/A       0%          3
 Teleport Other           Tloc           93%        N/A       0%          3
 Tukima's Dance           Hex            93%        N/A       0%          3
 Vampiric Draining        Necr           93%        2d12      0%          3
 Airstrike                Air            46%        2d(7-23)  0%          4
 Anguish                  Hex/Necr       46%        N/A       0%          4
 Ice Form                 Ice/Tmut       93%        N/A       0%          4
 Iskenderun's Mystic Bla  Conj/Tloc      93%        2d18      0%          4
 Leda's Liquefaction      Hex/Erth       46%        N/A       0%          4
 Olgreb's Toxic Radiance  Pois           93%        N/A       0%          4
 Passage of Golubria      Tloc           93%        N/A       0%          4
 Petrify                  Tmut/Erth      93%        N/A       0%          4
 Sticky Flame             Conj/Fire      96%        2d11      0%          4
 Summon Ice Beast         Ice/Summ       93%        N/A       0%          4
 Summon Lightning Spire   Summ/Air       93%        N/A       0%          4
 Agony                    Necr           93%        N/A       1%          5
 Alistair's Intoxication  Tmut/Pois      62%        N/A       1%          5
 Blade Hands              Tmut           46%        N/A       1%          5
 Fireball                 Conj/Fire      48%        3d19      1%          5
 Freezing Cloud           Conj/Ice/Air   46%        6-21      1%          5
 Lee's Rapid Deconstruct  Erth           46%        3d22*     1%          5
 Lightning Bolt           Conj/Air       46%        1d66      1%          5
 Metabolic Englaciation   Hex/Ice        46%        N/A       1%          5
 Silence                  Hex/Air        46%        N/A       1%          5
 Summon Forest            Summ/Tloc      46%        N/A       1%          5
 Conjure Ball Lightning   Conj/Air       46%        3x3d16    1%          6
 Eringya's Noxious Bog    Tmut/Pois      46%        N/A       1%          6
 Simulacrum               Ice/Necr       46%        N/A       1%          6
 Starburst                Conj/Fire      48%        6d13      1%          6
 Dragon Form              Tmut           46%        N/A       1%          7
 Monstrous Menagerie      Summ           46%        N/A       1%          7
 Orb of Destruction       Conj           46%        9d12      1%          7
 Ozocubu's Refrigeration  Ice            46%        4d17      1%          7
 Spellforged Servitor     Conj/Summ      46%        N/A       1%          7
 Storm Form               Tmut/Air       46%        N/A       1%          7
 Borgnjor's Revivificati  Necr           46%        N/A       10%         8
 Disjunction              Tloc           46%        N/A       10%         8
 Necromutation            Tmut/Necr      46%        N/A       10%         8
 Fire Storm               Conj/Fire      48%        8d12      65%         9
 Death's Door             Necr           46%        N/A       83%         9
 Polar Vortex             Ice            46%        N/A       83%         9


Dungeon Overview and Level Annotations

Branches:
Dungeon (15/15)            Temple (1/1) D:4            Lair (5/5) D:11
 Shoals (4/4) Lair:3        Snake (4/4) Lair:3        Slime (5/5) Lair:4
    Orc (2/2) D:11            Elf (3/3) Orc:2        Vaults (5/5) D:14
  Crypt (0/3) Vaults:3     Depths (4/4) D:15            Zot (5/5) Depths:4
  IceCv (visited)

Altars:
Ashenzari
Cheibriados
Dithmenos
Elyvilon
Fedhas
Gozag
Hepliaklqana
Kikubaaqudgha
Makhleb
Nemelex Xobeh
Okawaru
Qazlal
Ru
Trog
Uskayaw
Vehumet
Wu Jian
Xom
Yredelemnul
Zin
The Shining One
Jiyva
Lugonu

Shops:
D:3 !   D:9 ?   D:10 =   Orc:2 [!=!?   Shoals:4 *   Snake:1 ([   Snake:2 (
Snake:4 [[   Vaults:2 (**??   Depths:2 *

Portals:
Hell: Depths:1 Depths:2 Depths:3 Depths:4
Abyss: Depths:3
Pandemonium: Depths:1 Depths:2
Ziggurat: Depths:2

Annotations:
D:3 1 runed translucent door, IdlyInterested's ghost, weakling DsFi
D:12 exclusion: door


Innate Abilities, Weirdness & Mutations

You are a living statue of rough stone.
Your actions are slow, but your melee attacks are powerful.
You are resistant to unholy torment.
Your maximum health is greatly increased.
You are immune to poison.
Your equipment is partially melded.
You have very sharp teeth.
Your uncanny sense of smell can sniff out nearby items.
Your experience applies equally to all skills.
You are frail. (-10% HP)
You occasionally shout uncontrollably at your foes.
You are weak. (Str -2)


Message History

You hit the Ice Fiend. You burn the Ice Fiend.
Casting: Manifold Assault (safe; 1% risk of failure) Space momentarily warps into an impossible shape!
You slash the Ice Fiend! You burn the Ice Fiend.
The Ice Fiend calls on the powers of darkness!
Your body is wracked with pain!
You hit the Ice Fiend. You burn the Ice Fiend.
You bite the Ice Fiend, but do no damage.
You block the Ice Fiend's attack. x2
Your shield discharges, shocking the Ice Fiend!
You hit the Ice Fiend but do no damage. The Ice Fiend gestures at you.
The bolt of cold hits you. You resist.
* * * LOW HITPOINT WARNING * * *
You hit the Ice Fiend. You burn the Ice Fiend.
You bite the Ice Fiend, but do no damage.
You barely miss the Ice Fiend. You block the Ice Fiend's attack.
The Ice Fiend misses you.
You slash the Ice Fiend! You burn the Ice Fiend.
The Ice Fiend completely misses you.
The Ice Fiend's sight is seared by the starlight!
The Ice Fiend completely misses you.
You slash the Ice Fiend! You burn the Ice Fiend.
You catch the helpless Ice Fiend completely off-guard!
You slice the Ice Fiend!! You burn the Ice Fiend!
You kill the Ice Fiend!
Cheibriados appreciates the change of pace.
This spell is mildly dangerous to cast.
Memorise Statue Form, consuming 6 spell levels and leaving 2?
You start memorising the spell.
You continue memorising. x6
You finish memorising.
Spell assigned to 'o'.
Casting: Manifold Assault (safe; 1% risk of failure)
You turn into a living statue of rough stone.
Your +2 pair of gloves of strength melds into your body.
The +0 pair of boots "Zefugg" {Int+4} melds into your body.
Your +12 gold dragon scales melds into your body.
You feel weaker.
You have escaped!

##..#####≈≈≈≈≈≈§#####..## #..
##.### #§≈≈.(.§§≈≈≈# ###.###..
#.## #.......§...# ##.##.. ##.#
######'###### #.##.. #.######
####8'8#### #####.##..
#.##≈..###.........###...##.#..
#.#≈≈..##...........##....#.#..
###.#≈...##............#....#.#..
#...'≈...(8.....8...........'.#..
#.#.#≈...#(............#....#.#..
#.#.#≈≈..##...........##....#.#..
#.#.##≈..###.........###...##.#).
#.##.##### ###8'8#8### #####.##..
#.##.# ######'###### #.##.#
#.##.## #.........).# ##.##.#
...##.### #≈≈§....§≈≈≈# ###.###.#
....##..#####≈≈≈§§≈≈#####..####..


There were no monsters in sight!

Vanquished Creatures
  the Royal Jelly (Slime:5)
  3 dread liches
  12 orbs of fire (Zot:5)
  A juggernaut (Depths:1)
  The ghost of Gorgondantess the Ruinous, a legendary TeHW of Hepliaklqana (Zot:5)
  A pandemonium lord (D:12)
  Boris (thrice) (Vaults:4 Depths:1 Depths:3)
  Parghit (Zot:3)
  A shard shrike (IceCv)
  5 Killer Klowns
  Saint Roka (Vaults:5)
  Xtahua (Vaults:5)
  Frederick (Vaults:5)
  7 golden dragons
  A bone dragon (Depths:4)
  The ghost of Selderis the Peltast, an adept MiFi of the Shining One (Vaults:4)
  Jorgrun (D:12)
  A Brimstone Fiend (Depths:3)
  4 electric golems
  Zenata (Elf:2)
  A hellephant (D:3)
  A walking crystal tome (Depths:2)
  20 tentacled monstrosities
  24 Orb Guardians (Zot:5)
  Rupert (Lair:3)
  2 Ice Fiends (D:1)
  5 liches
  5 titans (Vaults:5)
  2 deep elf blademasters
  3 quicksilver dragons
  A walking frostbound tome (Depths:4)
  13 acid blobs
  An Executioner (Abyss:2)
  2 deep elf master archers (Elf:3)
  Polyphemus (Shoals:4)
  6 sphinxes
  7 death cobs
  A kraken (Shoals:4)
  4 ancient champions (Depths:2)
  Gastronok (Orc:1)
  The ghost of Kaleas the Brawler, an adept TrBe of Trog (Snake:3)
  7 tengu reavers
  Kirke (D:14)
  A revenant (Abyss:2)
  7 draconian monks
  6 shadow dragons
  Roxanne (Elf:1)
  7 draconian knights
  17 storm dragons
  4 fire giants
  10 azure jellies
  4 nagarajas
  12 rockslimes
  5 deep elf sorcerers
  7 draconian scorchers
  7 frost giants
  4 ghost moths
  An iron dragon (Vaults:5)
  8 spriggan defenders
  12 draconian shifters
  20 vault wardens
  6 deep elf elementalists (Elf:3)
  5 draconian stormcallers
  A cacodemon (D:15)
  An angel (Depths:3)
  7 quicksilver oozes
  4 very ugly things
  18 ironbound preservers
  The ghost of Zoram the Thaumaturge, a journeyman SpAE of Vehumet (D:15)
  3 ironbound thunderhulks
  2 war gargoyles (Vaults:4)
  6 draconian annihilators
  5 vampire knights
  12 stone giants
  22 green draconians
  7 deep elf demonologists
  3 dire elephants (Vaults:2)
  14 black draconians
  11 yellow draconians
  2 lorocyprocas
  11 deep elf annihilators
  11 red draconians
  12 purple draconians
  9 spark wasps
  10 white draconians
  A green death (Depths:4)
  An iron golem (Depths:1)
  12 deep elf death magi
  10 ettins
  3 merfolk impalers
  A blizzard demon (Depths:2)
  An ettin (shapeshifter) (Depths:1)
  Snorg (D:12)
  Josephine (D:10)
  9 fire dragons
  8 deep elf high priests
  5 merfolk javelineers
  5 jiangshi
  12 yaktaur captains
  15 great orbs of eyes
  6 hydras
  3 entropy weavers
  29 vault guards
  The ghost of monoptic the Spear-Bearer, a journeyman MiFi of Okawaru (Orc:2)
  A hell beast (Depths:2)
  The ghost of Bedaoseg the Skirmisher, a journeyman SpHu of Fedhas (Lair:5)
  Fannar (D:9)
  6 rakshasas
  2 salamander tyrants (Snake:4)
  4 catoblepae
  6 ice dragons
  11 ironbound frosthearts
  8 centaur warriors
  4 spriggan air magi
  4 merfolk avatars
  3 merfolk aquamancers
  6 ogre magi
  A peacekeeper (Vaults:4)
  A two-headed ogre (shapeshifter) (Depths:2)
  2 boulder beetles
  4 satyrs
  12 death yaks
  32 dancing weapons
  2 alligator snapping turtles
  8 anacondas
  4 hell hogs
  8 naga warriors
  15 two-headed ogres
  2 tengu warriors (Depths:2)
  2 thrashing horrors (Abyss:2)
  9 deep troll earth magi
  10 deep troll shamans
  8 vampire magi
  6 naga sharpshooters
  3 skysharks
  8 spriggan berserkers
  3 hell knights
  5 shock serpents
  A soul eater (Depths:1)
  4 skeletal warriors (Depths:2)
  17 deep elf knights
  A fire crab (Lair:5)
  A sixfirhy (D:1)
  A sea snake (shapeshifter) (Vaults:2)
  3 sun demons
  11 iron trolls
  4 glowing orange brains
  12 sea snakes
  A flayed ghost (Depths:1)
  7 salamander mystics
  Lodul (D:10)
  13 deep elf archers
  14 wizards
  73 deep trolls
  15 harpies
  A fire giant zombie (Vaults:2)
  8 necromancers
  17 lindwurms
  11 naga ritualists
  An orange crystal statue (IceCv)
  12 ironbound convokers
  3 spriggan simulacra (Shoals:1)
  A shadow dragon zombie (Vaults:2)
  37 deep elf pyromancers
  26 mana vipers
  6 orc knights
  4 phantasmal warriors
  A mana viper (shapeshifter) (D:15)
  34 deep elf zephyrmancers
  3 orc sorcerers
  2 shining eyes (Slime:5)
  3 oklob plants
  10 salamanders
  15 fauns
  47 ugly things
  8 cyclopes
  17 manticores
  22 moths of wrath
  3 guardian serpents
  2 centaur zombies
  A spectral alligator snapping turtle (Shoals:2)
  7 water nymphs
  6 elephants (Lair:2)
  Joseph (D:9)
  2 molten gargoyles (Lair:5)
  10 merfolk sirens
  A guardian serpent (shapeshifter) (Vaults:5)
  5 eyes of devastation
  Maurice (D:11)
  37 black mambas
  A smoke demon (D:1)
  18 naga magi
  2 centaur skeletons (D:15)
  2 gargoyles (D:11)
  13 cane toads
  15 vault sentinels
  23 rime drakes
  2 spectral sea snakes (Shoals:2)
  A human zombie (Vaults:2)
  2 kobold demonologists (D:10)
  2 unseen horrors
  A freezing wraith (D:15)
  A tormentor (D:7)
  43 yaktaurs
  13 komodo dragons
  A red devil (Zot:5)
  14 trolls
  4 tengu conjurers
  24 merfolk
  17 polar bears
  5 wind drakes
  13 hornets
  2 human simulacra (Vaults:2)
  5 snapping turtles
  4 raiju (Abyss:2)
  A dream sheep (shapeshifter) (Elf:2)
  A centaur simulacrum (D:15)
  13 dream sheep
  A jumping spider (Vaults:2)
  16 blink frogs
  125 slime creatures
  A vampire (D:10)
  10 wraiths
  5 air elementals
  2 shadows
  27 yaks
  2 culicivoras
  A dire elephant simulacrum (Shoals:1)
  14 spriggans
  3 fire elementals
  4 neqoxecs (D:15)
  6 water elementals
  4 basilisks
  7 wyverns
  A basilisk (shapeshifter) (D:15)
  6 redbacks
  Grum (Lair:1)
  3 golden eyes
  19 humans (D:14)
  A minotaur simulacrum (Shoals:1)
  3 steam dragons
  A chaos spawn (D:1)
  A harpy simulacrum (Shoals:1)
  4 wargs
  7 vampire mosquitoes
  3 large abominations
  An acid dragon (D:13)
  33 nagas
  A spectral snapping turtle (Shoals:2)
  14 water moccasins
  3 hell hounds (Lair:5)
  3 floating eyes
  2 sky beasts
  19 orc warriors
  3 ice beasts
  2 boggarts (shapeshifter) (D:15)
  3 black bears (D:5)
  7 centaurs
  6 boggarts
  27 ogres
  A centaur (shapeshifter) (Depths:3)
  A phantom (D:5)
  9 wolves
  2 kobold brigands
  Blork the orc (D:4)
  9 bullfrogs
  3 gnoll sergeants
  2 bullfrogs (shapeshifter)
  A deep troll simulacrum (Shoals:1)
  3 earth elementals (Elf:2)
  12 scorpions
  7 small abominations
  3 wights (D:8)
  8 killer bees (D:7)
  A lindwurm simulacrum (Shoals:1)
  9 electric eels
  3 howler monkeys
  6 lava snakes
  3 hounds
  4 jellies
  A gnoll bouda (D:8)
  9 orc priests
  A sleepcap (D:5)
  A hound (shapeshifter) (D:15)
  10 starcursed masses (Abyss:2)
  5 iguanas
  18 orc wizards
  A nameless horror (Lair:3)
  Robin (D:2)
  17 gnolls
  16 adders
  A shadow imp (D:8)
  A white imp (D:8)
  An ufetubus (D:5)
  7 worms
  3 dart slugs
  71 orcs
  5 bats
  6 endoplasms
  2 giant cockroaches
  14 goblins
  15 hobgoblins
  3 jackals (D:4)
  8 quokkas
  12 ball pythons
  3 frilled lizards
  15 kobolds
  9 rats
  5 tentacles
2338 creatures vanquished.

Vanquished Creatures (collateral kills)
  An ancient lich (Vaults:5)
  3 juggernauts
  Sojobo (Vaults:4)
  2 golden dragons
  A bone dragon (Depths:4)
  2 electric golems (Zot:5)
  The ghost of Xutext the Spry, an adept DsAK of Lugonu (Depths:3)
  An Orb Guardian (Zot:5)
  The ghost of Imuqomp the Devastator, an adept AtWn of Hepliaklqana (Shoals:2)
  A titan (Vaults:5)
  2 acid blobs (Slime:5)
  2 storm dragons (Zot:3)
  A sphinx (Vaults:5)
  The ghost of Foxy the Unseen, an adept KoEn of Dithmenos (Snake:4)
  3 tengu reavers (Vaults:5)
  3 rockslimes (Slime:5)
  4 vault wardens (Vaults:5)
  2 draconian scorchers (Zot:3)
  A deep elf sorcerer (Vaults:5)
  A draconian stormcaller (Zot:3)
  An orc warlord (Vaults:2)
  4 ironbound preservers
  A draconian annihilator (Zot:4)
  5 stone giants
  4 very ugly things
  2 quicksilver oozes (Slime:5)
  A deep elf demonologist (Vaults:5)
  4 green draconians
  An ironbound thunderhulk (Vaults:1)
  A vampire knight (Depths:3)
  A black draconian (Zot:3)
  A white draconian (Zot:3)
  A purple draconian (Zot:3)
  2 deep elf death magi (Elf:1)
  2 ettins
  2 ogre magi (Vaults:5)
  A rakshasa (Depths:3)
  An ice dragon (Depths:3)
  6 vault guards (Vaults:5)
  2 two-headed ogres
  A tengu warrior (Depths:2)
  2 deep troll earth magi (Depths:2)
  2 deep troll shamans
  A shock serpent (Snake:4)
  A dancing weapon (Elf:2)
  2 spriggans (Lair:5)
  2 iron trolls
  4 deep trolls
  2 deep elf archers
  2 lindwurms (Vaults:1)
  A phantasmal warrior (Depths:2)
  A shining eye (Slime:4)
  A mana viper (Snake:4)
  An orc knight (Vaults:5)
  6 ugly things
  A manticore (shapeshifter) (Vaults:5)
  4 vault sentinels
  11 slime creatures
  A yaktaur (Vaults:5)
  A polar bear (shapeshifter) (D:15)
  A hornet (Lair:5)
  A snapping turtle (Shoals:4)
  A water elemental (Shoals:4)
  A yak (shapeshifter) (Vaults:5)
  An orc warrior (Vaults:5)
  An ogre (Vaults:5)
130 creatures vanquished.

Vanquished Creatures (others)
  An eldritch tentacle (D:12)
  A deep elf elementalist (Elf:3)
  A purple draconian (Zot:4)
  A spectral kraken (Shoals:2)
  A deep elf knight (Elf:3)
  2 tengu zombies (Vaults:5)
  A deep elf pyromancer (Elf:1)
  A salamander (Snake:4)
  A moth of wrath (Zot:3)
  An elf zombie (Vaults:5)
  A naga mage (Snake:4)
  2 yaktaur zombies (Vaults:5)
  A raiju (Abyss:2)
  27 human zombies
  2 water elementals
  2 humans (D:14)
  A steam dragon (Lair:5)
  3 deep troll zombies (Vaults:5)
  An ogre zombie (Vaults:5)
  An acid dragon (D:10)
  A manticore zombie (Vaults:5)
  A bullfrog (Lair:3)
  4 wights (D:8)
  A howler monkey (D:5)
  A sleepcap (D:6)
  3 orcs
  21 fungi
  145 plants
  13 tentacles
242 creatures vanquished.

Grand Total: 2710 creatures vanquished

Notes
Turn   | Place    | Note
-------+----------+-------------------------------------------
     0 | D:5      | ragingrage the Gnoll Delver began the quest for the Orb.
     0 | D:5      | Reached XP level 1. HP: 23/23 MP: 1/1
    17 | D:5      | Reached XP level 2. HP: 25/29 MP: 2/2
   230 | D:4      | Reached skill level 1 in Short Blades
   230 | D:4      | Reached skill level 1 in Axes
   230 | D:4      | Reached skill level 1 in Maces & Flails
   230 | D:4      | Reached skill level 1 in Polearms
   230 | D:4      | Reached skill level 1 in Staves
   230 | D:4      | Reached skill level 1 in Ranged Weapons
   230 | D:4      | Reached skill level 1 in Throwing
   230 | D:4      | Reached skill level 1 in Armour
   230 | D:4      | Reached skill level 1 in Shields
   230 | D:4      | Reached skill level 1 in Unarmed Combat
   230 | D:4      | Reached skill level 1 in Spellcasting
   230 | D:4      | Reached skill level 1 in Invocations
   230 | D:4      | Reached skill level 1 in Evocations
   230 | D:4      | Reached XP level 3. HP: 35/35 MP: 2/4
   286 | D:4      | Reached XP level 4. HP: 32/41 MP: 5/5
   349 | D:5      | Noticed a scorpion
   368 | D:5      | Killed a scorpion
   369 | D:5      | Reached skill level 1 in Conjurations
   369 | D:5      | Reached skill level 1 in Hexes
   369 | D:5      | Reached skill level 1 in Summonings
   369 | D:5      | Reached skill level 1 in Necromancy
   369 | D:5      | Reached skill level 1 in Translocations
   369 | D:5      | Reached skill level 1 in Transmutations
   369 | D:5      | Reached skill level 1 in Fire Magic
   369 | D:5      | Reached skill level 1 in Ice Magic
   369 | D:5      | Reached skill level 1 in Air Magic
   369 | D:5      | Reached skill level 1 in Earth Magic
   369 | D:5      | Reached skill level 1 in Poison Magic
   369 | D:5      | Reached XP level 5. HP: 15/47 MP: 5/7
  1624 | D:2      | Learned a level 1 spell: Beastly Appendage
  1627 | D:2      | Learned a level 2 spell: Wereblood
  1896 | D:2      | Found a faded altar of an unknown god.
  2152 | D:2      | Noticed Robin
  2206 | D:2      | Killed Robin
  2207 | D:2      | Reached XP level 6. HP: 44/53 MP: 8/8
  2544 | D:3      | Found Pashrutomn's Distillery.
  2578 | D:3      | Bought 2 potions of heal wounds for 120 gold pieces
  2624 | D:3      | Reached skill level 5 in Long Blades
  2624 | D:3      | Reached skill level 5 in Dodging
  2629 | D:3      | Found a runed translucent door.
  2629 | D:3      | Noticed IdlyInterested's ghost (weakling DsFi)
  3132 | D:3      | Learned a level 3 spell: Confusing Touch
  3360 | D:3      | Found a stormy altar of Qazlal.
  3510 | D:4      | Noticed Blork the orc
  3601 | D:4      | Found a staircase to the Ecumenical Temple.
  3633 | D:4      | Reached XP level 7. HP: 47/60 MP: 10/10
  3643 | Temple   | Entered the Ecumenical Temple
  3977 | Temple   | Became a worshipper of Cheibriados the Contemplative
  4015 | D:4      | Killed Blork the orc
  4217 | D:4      | Identified the +0 leather armour of the World {rC++ Dex+3}
  4234 | D:4      | Learned a level 3 spell: Summon Guardian Golem
  4711 | D:5      | Reached skill level 10 in Stealth
  4870 | D:5      | Reached XP level 8. HP: 56/67 MP: 12/12
  4870 | D:5      | Reached * piety under Cheibriados
  5052 | D:5      | Noticed a wraith
  5080 | D:5      | Killed a wraith
  5184 | D:5      | Found a sparkling altar of Nemelex Xobeh.
  5606 | D:5      | Reached XP level 9. HP: 70/73 MP: 14/14
  6131 | D:6      | Reached ** piety under Cheibriados
  6784 | D:7      | Found a runed translucent door.
  6791 | D:7      | Found a runed translucent gate.
  6793 | D:7      | Found a runed translucent gate.
  6793 | D:7      | Found a runed translucent gate.
  6799 | D:7      | Noticed a cyclops
  6806 | D:7      | Killed a cyclops
  6807 | D:7      | Reached skill level 5 in Invocations
  6857 | D:7      | Found a bloodstained altar of Trog.
  7000 | D:7      | Found a runed translucent door.
  7004 | D:7      | Found the +9 staff of Olgreb {rPois∞}
  7897 | D:7      | Reached skill level 5 in Short Blades
  7897 | D:7      | Reached skill level 5 in Axes
  7897 | D:7      | Reached skill level 5 in Maces & Flails
  7897 | D:7      | Reached skill level 5 in Polearms
  7897 | D:7      | Reached skill level 5 in Staves
  7897 | D:7      | Reached skill level 5 in Ranged Weapons
  7897 | D:7      | Reached skill level 5 in Throwing
  7897 | D:7      | Reached skill level 5 in Armour
  7897 | D:7      | Reached skill level 5 in Shields
  7897 | D:7      | Reached skill level 5 in Unarmed Combat
  7897 | D:7      | Reached skill level 5 in Spellcasting
  7897 | D:7      | Reached skill level 5 in Evocations
  7897 | D:7      | Reached XP level 10. HP: 81/81 MP: 17/17
  8092 | D:8      | Found a basalt altar of Yredelemnul.
  8515 | D:8      | Reached *** piety under Cheibriados
  9030 | D:9      | Paralysed by a hornet for 1 turns
  9474 | D:9      | Noticed Joseph
  9496 | D:9      | Killed Joseph
  9723 | D:9      | Found Wehunoh's Magic Scroll Emporium.
  9754 | D:9      | Bought a scroll of teleportation for 39 gold pieces
  9754 | D:9      | Bought a scroll of butterflies for 52 gold pieces
 10157 | D:10     | Entered Level 10 of the Dungeon
 10161 | D:10     | Noticed a manticore
 10167 | D:10     | Killed a manticore
 10167 | D:10     | Reached **** piety under Cheibriados
 10252 | D:10     | Reached skill level 5 in Conjurations
 10252 | D:10     | Reached skill level 5 in Hexes
 10252 | D:10     | Reached skill level 5 in Summonings
 10252 | D:10     | Reached skill level 5 in Necromancy
 10252 | D:10     | Reached skill level 5 in Translocations
 10252 | D:10     | Reached skill level 5 in Transmutations
 10252 | D:10     | Reached skill level 5 in Fire Magic
 10252 | D:10     | Reached skill level 5 in Ice Magic
 10252 | D:10     | Reached skill level 5 in Air Magic
 10252 | D:10     | Reached skill level 5 in Earth Magic
 10252 | D:10     | Reached skill level 5 in Poison Magic
 10261 | D:10     | Reached XP level 11. HP: 75/89 MP: 20/20
 10416 | D:10     | Found an iron altar of Okawaru.
 10417 | D:10     | Found an opulent altar of Gozag.
 10467 | D:10     | Found a shadowy altar of Dithmenos.
 10541 | D:10     | Learned a level 3 spell: Stone Arrow
 10569 | D:10     | Noticed Lodul
 10607 | D:10     | Killed Lodul
 10669 | D:10     | Found Ybrom's Jewellery Shop.
 11030 | D:10     | Noticed a sixfirhy
 11104 | D:10     | Noticed Josephine
 11123 | D:10     | Killed Josephine
 11310 | D:10     | Noticed Fannar
 11543 | D:9      | Killed Fannar
 11738 | D:10     | Found a white marble altar of Elyvilon.
 11878 | D:11     | Noticed a two-headed ogre
 11906 | D:11     | Killed a two-headed ogre
 11907 | D:11     | Reached XP level 12. HP: 34/97 MP: 22/22
 12095 | D:11     | Identified the +3 war axe of Psychosis {distort, Str+4
                  | Dex+3}
 12800 | D:11     | Noticed Maurice
 12826 | D:11     | Killed Maurice
 13388 | D:7      | Reached ***** piety under Cheibriados
 13579 | D:11     | Found a staircase to the Orcish Mines.
 13644 | D:11     | Found a staircase to the Lair.
 13652 | D:11     | Identified a scroll of acquirement
 13652 | D:11     | Acquired the +1 cloak of Chill Winds {Int+4}
 13687 | D:11     | Reached skill level 10 in Fighting
 14164 | D:11     | HP: 2/97 [oklob plant/splash of acid (25)]
 14606 | D:12     | Noticed Nessos
 14699 | D:12     | Noticed Snorg
 14709 | D:12     | Killed Snorg
 15038 | D:12     | HP: 3/97 [slime creature (6)]
 15809 | D:12     | Noticed Jorgrun
 15822 | D:12     | Killed Jorgrun
 16105 | D:12     | Nessos changed into Nessos the culicivora
 16105 | D:12     | Noticed Nessos
 16113 | D:12     | Killed Nessos the culicivora
 16577 | Lair:1   | Entered Level 1 of the Lair of Beasts
 16588 | Lair:1   | Reached XP level 13. HP: 90/104 MP: 25/25
 16661 | Lair:1   | Noticed Sonja
 16665 | Lair:1   | Sonja changed into Sonja the scorpion
 16665 | Lair:1   | Noticed Sonja
 16669 | Lair:1   | Killed Sonja the scorpion
 16775 | Lair:1   | Noticed Grum
 16784 | Lair:1   | Killed Grum
 18621 | Lair:3   | Reached skill level 10 in Long Blades
 18621 | Lair:3   | Reached skill level 10 in Dodging
 18638 | Lair:3   | Learned a level 5 spell: Summon Mana Viper
 18766 | Lair:3   | Found a staircase to the Snake Pit.
 18895 | Lair:3   | Found a staircase to the Shoals.
 19343 | Lair:3   | Noticed Rupert
 19361 | Lair:3   | Killed Rupert
 19742 | Lair:3   | Reached XP level 14. HP: 113/113 MP: 27/27
 20031 | Lair:4   | Reached skill level 10 in Invocations
 20534 | Lair:4   | Found a staircase to the Slime Pits.
 20751 | Lair:4   | Reached ****** piety under Cheibriados
 20808 | Lair:4   | Identified the +3 scale mail of Repulsion {rElec Str-5
                  | Int+3 Dex+3}
 21252 | Lair:4   | Found a blossoming altar of Fedhas.
 21559 | Lair:5   | Entered Level 5 of the Lair of Beasts
 21572 | Lair:5   | Found a transporter.
 21592 | Lair:5   | Noticed Bedaoseg's ghost (journeyman SpHu)
 21729 | Lair:5   | Identified the +0 dagger of Cofuptu {heavy, rF+ rC+ rN+
                  | Will-}
 21917 | Lair:5   | Found a bloodstained altar of Trog.
 21924 | Lair:5   | Found a transporter.
 22321 | Lair:5   | Learned a level 2 spell: Passwall
 23484 | Lair:5   | Reached skill level 10 in Short Blades
 23484 | Lair:5   | Reached skill level 10 in Axes
 23484 | Lair:5   | Reached skill level 10 in Maces & Flails
 23484 | Lair:5   | Reached skill level 10 in Polearms
 23484 | Lair:5   | Reached skill level 10 in Staves
 23484 | Lair:5   | Reached skill level 10 in Ranged Weapons
 23484 | Lair:5   | Reached skill level 10 in Throwing
 23484 | Lair:5   | Reached skill level 10 in Armour
 23484 | Lair:5   | Reached skill level 10 in Shields
 23484 | Lair:5   | Reached skill level 10 in Unarmed Combat
 23484 | Lair:5   | Reached skill level 10 in Spellcasting
 23484 | Lair:5   | Reached skill level 10 in Evocations
 23516 | Lair:5   | Found a large runed translucent door.
 23517 | Lair:5   | Found a large runed translucent door.
 24166 | Orc:1    | Entered Level 1 of the Orcish Mines
 24166 | Orc:1    | Noticed Gastronok
 24186 | Orc:1    | Reached XP level 15. HP: 89/120 MP: 15/29
 24191 | Orc:1    | Killed Gastronok
 24665 | Orc:2    | Entered Level 2 of the Orcish Mines
 24751 | Orc:2    | Noticed monoptic's ghost (journeyman MiFi)
 24765 | Orc:2    | Identified the +11 dire flail "Awahecil" {flame, rPois
                  | Will+ Int+3}
 24765 | Orc:2    | Identified the +2 giant spiked club of the Witching Genius
                  | {heavy, Str+4}
 24780 | Orc:2    | Found a transporter.
 24782 | Orc:2    | Found a transporter.
 24935 | Orc:2    | Found a staircase to the Elven Halls.
 25007 | Orc:2    | Found Quxosak's Distillery.
 25008 | Orc:2    | Found Kuesu Gye's Jewellery Boutique.
 25033 | Orc:2    | Found Uliyfant's Distillery.
 25063 | Orc:2    | Found Meon's Magic Scroll Shop.
 25187 | Orc:2    | Bought a potion of heal wounds for 60 gold pieces
 25187 | Orc:2    | Bought 2 potions of curing for 72 gold pieces
 25187 | Orc:2    | Bought a potion of curing for 36 gold pieces
 25192 | Orc:2    | Bought a scroll of blinking for 105 gold pieces
 25501 | Orc:2    | Found Macohang's Antique Armour Emporium.
 25521 | Orc:2    | Bought a thick robe for 108 gold pieces
 25521 | Orc:2    | Identified the +0 robe of Hospitality {rN+} (You bought it
                  | in a shop on level 2 of the Orcish Mines)
 26942 | D:14     | Noticed Kirke
 26961 | D:14     | Killed Kirke
 27258 | D:14     | Found a gate to the Vaults.
 27264 | Abyss:2  | Cast into level 2 of the Abyss (a wizard)
 27391 | Abyss:2  | Noticed a tentacled starspawn
 27682 | Abyss:2  | Noticed an Executioner
 27751 | Abyss:2  | Killed an Executioner
 28070 | Abyss:2  | Noticed a revenant
 28078 | Abyss:2  | Killed a revenant
 28133 | Abyss:2  | Noticed a tentacled starspawn
 28153 | Abyss:2  | Reached XP level 16. HP: 109/129 MP: 24/30
 28160 | D:14     | Escaped the Abyss
 28330 | D:14     | Acquired a +3 eveningstar of draining
 29000 | Snake:1  | Entered Level 1 of the Snake Pit
 29635 | Snake:1  | Found Poaduz's Weapon Emporium.
 29636 | Snake:1  | Found Poicac's Antique Armour Shop.
 30690 | Snake:2  | Found Pofodgha's Antique Weapon Boutique.
 32389 | Snake:3  | Identified the +0 pair of boots "Zefugg" {Int+4}
 32536 | Snake:3  | Noticed a nagaraja
 32567 | Snake:3  | Killed a nagaraja
 32667 | Snake:3  | Found a runed translucent door.
 32667 | Snake:3  | Noticed Kaleas's ghost (adept TrBe)
 32850 | Snake:4  | Entered Level 4 of the Snake Pit
 32899 | Snake:4  | Found Fulobbedaar's Antique Armour Shoppe.
 32899 | Snake:4  | Found Riwijix's Armour Emporium.
 32908 | Snake:4  | Bought a pair of runed gloves for 285 gold pieces
 32963 | Snake:4  | Reached XP level 17. HP: 80/137 MP: 26/32
 33125 | Snake:4  | Found a transporter.
 33129 | Snake:4  | Noticed Foxy's ghost (adept KoEn)
 33146 | Snake:4  | Found a transporter.
 33195 | Snake:4  | Found the ring of Shadows {Umbra +Inv Stlth+}
 33310 | Snake:4  | Reached skill level 10 in Conjurations
 33310 | Snake:4  | Reached skill level 10 in Hexes
 33310 | Snake:4  | Reached skill level 10 in Summonings
 33310 | Snake:4  | Reached skill level 10 in Necromancy
 33310 | Snake:4  | Reached skill level 10 in Translocations
 33310 | Snake:4  | Reached skill level 10 in Transmutations
 33310 | Snake:4  | Reached skill level 10 in Fire Magic
 33310 | Snake:4  | Reached skill level 10 in Ice Magic
 33310 | Snake:4  | Reached skill level 10 in Air Magic
 33310 | Snake:4  | Reached skill level 10 in Earth Magic
 33310 | Snake:4  | Reached skill level 10 in Poison Magic
 33670 | Snake:4  | Reached skill level 15 in Stealth
 34158 | Snake:4  | Learned a level 5 spell: Irradiate
 34637 | Snake:4  | Got a serpentine rune of Zot
 34927 | Shoals:1 | Entered Level 1 of the Shoals
 35002 | Shoals:1 | Found a frozen archway.
 35113 | IceCv    | Entered an ice cave
 35380 | IceCv    | Identified the +7 ice dragon scales of Liquec {rPois rF-
                  | rC++ Str+7 Stlth-}
 36096 | IceCv    | Noticed a shard shrike
 36104 | IceCv    | Reached XP level 18. HP: 146/146 MP: 32/34
 36107 | IceCv    | Killed a shard shrike
 36144 | IceCv    | Found the +2 Maxwell's thermic engine {flame, freeze}
 37089 | Shoals:2 | Found a transporter.
 37089 | Shoals:2 | Found a transporter.
 37092 | Shoals:2 | Noticed Imuqomp's ghost (adept AtWn)
 37104 | Shoals:2 | Found a flickering gateway to a bazaar.
 37177 | Bazaar   | Entered a bazaar
 37214 | Bazaar   | Found Cafaul's Antique Weapon Emporium.
 37219 | Bazaar   | Bought a shimmering short sword for 144 gold pieces
 37219 | Bazaar   | Identified the +3 short sword "Sotedyixt" {freeze, MP+9
                  | Int+2 Dex+2} (You bought it in a shop in a bazaar)
 37227 | Bazaar   | Found Omaesodo's Antique Weapon Shoppe.
 37244 | Bazaar   | Found Gauhavetu's Antique Armour Shoppe.
 37249 | Bazaar   | Bought a warped plate armour for 644 gold pieces
 37249 | Bazaar   | Identified the +10 plate armour "Olueqin" {Will+++ Str-3
                  | Int+2 SInv} (You bought it in a shop in a bazaar)
 37249 | Bazaar   | Bought a glowing cloak for 172 gold pieces
 37255 | Bazaar   | Found Liaf's Antique Armour Emporium.
 37260 | Bazaar   | Bought the +5 Storm Queen's Shield {shock, Fly rElec} for
                  | 820 gold pieces
 37260 | Bazaar   | Found the +5 Storm Queen's Shield {shock, Fly rElec}
 38499 | Shoals:3 | Found a flickering gateway to a bazaar.
 38522 | Bazaar   | Entered a bazaar
 38536 | Bazaar   | Found Gulis's Magic Scroll Shoppe.
 38552 | Bazaar   | Found Yzipeonk's Jewellery Emporium.
 38568 | Bazaar   | Found Leywn's Antique Weapon Emporium.
 38568 | Bazaar   | Found Onaesk's General Store.
 38590 | Bazaar   | Found Itoloh's Antique Armour Emporium.
 38667 | Bazaar   | Bought a scroll of acquirement for 416 gold pieces
 38667 | Bazaar   | Acquired the +14 crystal plate armour of Huxom {+Blink rN++
                  | Will- Slay+2}
 38669 | Bazaar   | Acquired the +1 cloak of Starlight {*Dazzle EV+4 Stlth--}
 38669 | Bazaar   | Found the +1 cloak of Starlight {*Dazzle EV+4 Stlth--}
 39560 | Shoals:4 | Entered Level 4 of the Shoals
 39603 | Shoals:4 | Found Baony's Overcharged Wands.
 39769 | Shoals:4 | Got a barnacled rune of Zot
 40229 | Shoals:4 | Identified the +2 robe "Ycvoedd" {Rampage rF- rN+ Will+}
 40348 | Shoals:4 | Noticed Polyphemus
 40366 | Shoals:4 | Killed Polyphemus
 40612 | Shoals:4 | Reached XP level 19. HP: 146/153 MP: 29/36
 40647 | Shoals:4 | Identified the +7 trident "Ogrebane" {heavy, Drain +Blink
                  | rPois}
 41386 | Snake:4  | Bought a runed helmet for 285 gold pieces
 41596 | Elf:1    | Entered Level 1 of the Elven Halls
 41746 | Elf:1    | Identified Roxanne's Exposition on the Shapeshifter
 41746 | Elf:1    | Noticed Roxanne
 42288 | Elf:1    | Found a huge runed gate.
 42288 | Elf:1    | Found a huge runed gate.
 42288 | Elf:1    | Found a huge runed gate.
 42288 | Elf:1    | Found a huge runed gate.
 42288 | Elf:1    | Found a huge runed gate.
 42289 | Elf:1    | Found a huge runed gate.
 42289 | Elf:1    | Found a huge runed gate.
 42289 | Elf:1    | Found a huge runed gate.
 42291 | Elf:1    | Found a huge runed gate.
 42295 | Elf:1    | Found a huge runed gate.
 42295 | Elf:1    | Found a huge runed gate.
 42295 | Elf:1    | Found a huge runed gate.
 42295 | Elf:1    | Found a huge runed gate.
 42295 | Elf:1    | Found a huge runed gate.
 42296 | Elf:1    | Found a huge runed gate.
 42297 | Elf:1    | Found a huge runed gate.
 42298 | Elf:1    | Found a huge runed gate.
 42299 | Elf:1    | Found a huge runed gate.
 42307 | Elf:1    | Found a huge runed gate.
 42307 | Elf:1    | Found a huge runed gate.
 42307 | Elf:1    | Found a huge runed gate.
 42307 | Elf:1    | Found a huge runed gate.
 42307 | Elf:1    | Found a huge runed gate.
 42307 | Elf:1    | Found a huge runed gate.
 42308 | Elf:1    | Found a huge runed gate.
 42309 | Elf:1    | Found a huge runed gate.
 42310 | Elf:1    | Found a huge runed gate.
 42318 | Elf:1    | Found a huge runed gate.
 42318 | Elf:1    | Found a huge runed gate.
 42318 | Elf:1    | Found a huge runed gate.
 42318 | Elf:1    | Found a huge runed gate.
 42318 | Elf:1    | Found a huge runed gate.
 42318 | Elf:1    | Found a huge runed gate.
 42319 | Elf:1    | Found a huge runed gate.
 42629 | Elf:1    | Found a huge runed gate.
 42629 | Elf:1    | Found a huge runed gate.
 42791 | Elf:1    | Noticed an Ice Fiend
 43061 | Elf:1    | Found a runed translucent gate.
 43061 | Elf:1    | Found a runed translucent gate.
 43061 | Elf:1    | Found a runed translucent gate.
 43061 | Elf:1    | Found a runed translucent gate.
 43061 | Elf:1    | Found a runed translucent gate.
 43063 | Elf:1    | Found a runed translucent gate.
 43270 | Elf:2    | Reached skill level 15 in Fighting
 43365 | Elf:2    | Found a huge runed translucent gate.
 43365 | Elf:2    | Found a huge runed translucent gate.
 43365 | Elf:2    | Found a huge runed translucent gate.
 43365 | Elf:2    | Found a huge runed translucent gate.
 43365 | Elf:2    | Found a huge runed translucent gate.
 43431 | Elf:2    | Paralysed by an air elemental for 1 turns
 43467 | Elf:2    | Learned a level 4 spell: Animate Dead
 43474 | Elf:2    | Learned a level 6 spell: Death Channel
 43480 | Elf:2    | Learned a level 5 spell: Borgnjor's Vile Clutch
 43972 | Elf:3    | Entered Level 3 of the Elven Halls
 44150 | Elf:3    | Reached skill level 15 in Invocations
 44524 | Elf:3    | Reached XP level 20. HP: 162/162 MP: 33/37
 44599 | Elf:3    | Learned a level 2 spell: Lesser Beckoning
 44785 | Elf:3    | Identified the ring "Kucw" {Str+4 SInv}
 44831 | Elf:3    | Identified the +3 kite shield "Girchal" {+Blink Str+2}
 44831 | Elf:3    | Identified the amulet of Disaster {Reflect rElec SH+5}
 45179 | Elf:3    | Identified the +1 battleaxe of Ziumy {drain, Str+3}
 45310 | Elf:3    | Identified the ring of Xiolif {rF+ Str+3}
 45684 | Elf:3    | Got the Discursus on Distorted Accelerants
 45689 | Elf:3    | Got Sif Muna's Omnibus of Ruinous Companions
 45696 | Elf:3    | Learned a level 4 spell: Animate Armour
 45699 | Elf:3    | Identified the +4 helmet of Linkewypn {Str+2}
 45715 | Elf:3    | Learned a level 2 spell: Blink
 45720 | Elf:3    | Learned a level 4 spell: Manifold Assault
 46664 | D:9      | Bought a scroll of enchant armour for 97 gold pieces
 46664 | D:9      | Bought a scroll of fog for 52 gold pieces
 46981 | D:15     | Entered Level 15 of the Dungeon
 47290 | D:15     | Found a staircase to the Depths.
 47366 | D:15     | Found a runed translucent gate.
 47367 | D:15     | Found a runed translucent gate.
 47367 | D:15     | Found a runed translucent gate.
 47877 | D:15     | Found a runed translucent gate.
 47877 | D:15     | Found a runed translucent gate.
 47880 | D:15     | Noticed Zoram's ghost (journeyman SpAE)
 47881 | D:15     | Found a runed translucent gate.
 48109 | Vaults:1 | Entered Level 1 of the Vaults
 48117 | Vaults:1 | Reached skill level 15 in Long Blades
 48117 | Vaults:1 | Reached skill level 15 in Dodging
 49194 | Vaults:1 | Paralysed by a vault sentinel for 3 turns
 49694 | Vaults:1 | Reached XP level 21. HP: 170/170 MP: 28/39
 50011 | Vaults:1 | Got the Tome of the Forgotten Continents
 50359 | Vaults:2 | Found Zuwk's General Store.
 51596 | Vaults:2 | Reached skill level 15 in Short Blades
 51596 | Vaults:2 | Reached skill level 15 in Axes
 51596 | Vaults:2 | Reached skill level 15 in Maces & Flails
 51596 | Vaults:2 | Reached skill level 15 in Polearms
 51596 | Vaults:2 | Reached skill level 15 in Staves
 51596 | Vaults:2 | Reached skill level 15 in Ranged Weapons
 51596 | Vaults:2 | Reached skill level 15 in Throwing
 51596 | Vaults:2 | Reached skill level 15 in Armour
 51596 | Vaults:2 | Reached skill level 15 in Shields
 51596 | Vaults:2 | Reached skill level 15 in Unarmed Combat
 51596 | Vaults:2 | Reached skill level 15 in Spellcasting
 51596 | Vaults:2 | Reached skill level 15 in Evocations
 51994 | Vaults:2 | Found Agothul's Assorted Antiques.
 52029 | Vaults:2 | Found Roggim's Weapon Boutique.
 52140 | Vaults:2 | Found Baysh's Magic Scroll Shop.
 52147 | Vaults:2 | Bought a scroll of fog for 60 gold pieces
 52147 | Vaults:2 | Bought a scroll of teleportation for 45 gold pieces
 52166 | Vaults:2 | Found Fesu Iwu's Magic Scroll Shop.
 52385 | Vaults:2 | Found the +9 scales of the Dragon King {rPois rF+ rC+
                  | Will+}
 53603 | Vaults:3 | Found a staircase to the Crypt.
 53605 | Vaults:3 | Paralysed by a vampire knight for 4 turns
 54921 | Vaults:4 | Reached XP level 22. HP: 179/179 MP: 36/41
 55564 | Vaults:4 | Noticed Sojobo
 55571 | Vaults:4 | Killed Sojobo
 56563 | Vaults:4 | Noticed Selderis's ghost (adept MiFi)
 56563 | Vaults:4 | Found a runed translucent door.
 56686 | Vaults:4 | Noticed Boris
 56691 | Vaults:4 | Killed Boris
 57416 | Vaults:4 | Killed Selderis's ghost
 57980 | Elf:1    | Identified the +1 plate armour of the Special Demons {MP+9
                  | Int+2}
 58082 | Elf:1    | Killed Roxanne
 58694 | Elf:2    | Noticed Zenata
 58703 | Elf:2    | Killed Zenata
 59279 | Orc:2    | Killed monoptic's ghost
 59767 | Lair:5   | Killed Bedaoseg's ghost
 60187 | Shoals:2 | Killed Imuqomp's ghost
 60188 | Shoals:2 | Reached XP level 23. HP: 176/187 MP: 5/42
 60213 | Shoals:2 | Identified the ring of Sif Muna's Favour {rF+ rC+ Slay+3}
 60504 | Snake:3  | Killed Kaleas's ghost
 60713 | Snake:4  | Killed Foxy's ghost
 60786 | Snake:4  | Identified the ring "Upsoel" {Fire rElec Stlth+}
 61122 | Depths:1 | Entered Level 1 of the Depths
 61124 | Depths:1 | Noticed Boris
 61133 | Depths:1 | Killed Boris
 61779 | Depths:1 | Found a one-way gate leading to the halls of Pandemonium.
 61972 | Depths:1 | Noticed a juggernaut
 61978 | Depths:1 | Killed a juggernaut
 62191 | Depths:1 | Found a gateway to Hell.
 62664 | Depths:1 | Found a snail-covered altar of Cheibriados.
 62938 | Depths:2 | Found Zufofie's Assorted Antiques.
 63792 | Depths:2 | Identified the +3 demon blade of Zoxte {elec, Will+ rCorr}
 64535 | Depths:2 | Got the Notes on the Ruinous Blizzard
 64650 | Depths:2 | Identified the +2 flail of the Illusory Ghosts {heavy,
                  | +Blink rN+ Str+3}
 64653 | Depths:2 | Reached XP level 24. HP: 197/197 MP: 3/43
 64659 | Depths:2 | Identified the ring of Yqats {rElec Str+3 Dex+6}
 64949 | Depths:2 | Found a one-way gateway to a ziggurat.
 65008 | Depths:2 | Identified the amulet of Kuom Uje {RegenMP rF+ Will-
                  | Stlth+}
 65248 | Depths:2 | Got the Writings on Topology
 66196 | Depths:2 | Reached skill level 15 in Fire Magic
 66704 | Depths:2 | Found a one-way gateway to a ziggurat.
 67051 | Depths:2 | Found Zufofie's Assorted Antiques.
 67278 | Depths:3 | Noticed a juggernaut
 67351 | Depths:3 | Killed a juggernaut
 67576 | Depths:3 | Got Sif Muna's Tractate on the Moving Adder
 67987 | Depths:3 | Found a corrupted altar of Lugonu.
 67987 | Depths:3 | Found a one-way gate to the infinite horrors of the Abyss.
 68579 | Depths:3 | Found a runed translucent gate.
 68580 | Depths:3 | Found a runed translucent gate.
 68581 | Depths:3 | Found a runed translucent gate.
 68581 | Depths:3 | Noticed Xutext's ghost (adept DsAK)
 69109 | Depths:3 | Killed Xutext's ghost
 69154 | Depths:3 | Identified the +0 pair of boots of Quim {Dex+2}
 69253 | Depths:3 | Got the Tractate on Pollution and the Body
 69258 | Depths:3 | Identified the ring of Voucim {rElec rN++ Will+ rCorr
                  | Str-2}
 69326 | Depths:4 | Entered Level 4 of the Depths
 69435 | Depths:4 | Noticed a juggernaut
 69441 | Depths:4 | Killed a juggernaut
 69718 | Depths:4 | Found a gate to the Realm of Zot.
 70013 | Depths:4 | Noticed a juggernaut
 70019 | Depths:4 | Killed a juggernaut
 70020 | Depths:4 | Reached XP level 25. HP: 204/204 MP: 30/44
 70020 | Depths:4 | Noticed Boris
 70050 | Depths:3 | Killed Boris
 70320 | Depths:4 | Found an iron altar of Okawaru.
 71281 | Vaults:5 | Entered Level 5 of the Vaults
 71302 | Vaults:5 | Noticed Frederick
 71307 | Vaults:5 | Noticed an ancient lich
 71309 | Vaults:5 | Killed Frederick
 71316 | Vaults:5 | Killed an ancient lich
 71317 | Vaults:5 | Reached skill level 15 in Conjurations
 71317 | Vaults:5 | Reached skill level 15 in Hexes
 71317 | Vaults:5 | Reached skill level 15 in Summonings
 71317 | Vaults:5 | Reached skill level 15 in Necromancy
 71317 | Vaults:5 | Reached skill level 15 in Translocations
 71317 | Vaults:5 | Reached skill level 15 in Transmutations
 71317 | Vaults:5 | Reached skill level 15 in Ice Magic
 71317 | Vaults:5 | Reached skill level 15 in Air Magic
 71317 | Vaults:5 | Reached skill level 15 in Earth Magic
 71317 | Vaults:5 | Reached skill level 15 in Poison Magic
 71340 | Vaults:5 | Noticed Xtahua
 71346 | Vaults:5 | Killed Xtahua
 71909 | Vaults:5 | Identified the +1 chain mail of Supple Strength {Int+5}
 72145 | Vaults:5 | Noticed Saint Roka
 72158 | Vaults:5 | Killed Saint Roka
 72633 | Vaults:5 | Reached XP level 26. HP: 207/213 MP: 31/44
 72795 | Vaults:5 | Identified the +1 hat "Kaemisecs" {rC- rN++ Regen+ Str+3}
 72802 | Vaults:5 | Got a silver rune of Zot
 72995 | Vaults:5 | Noticed a dread lich
 73006 | Vaults:5 | Killed a dread lich
 73007 | Vaults:5 | Noticed a dread lich
 73019 | Vaults:5 | Killed a dread lich
 73267 | Vaults:5 | Found the -2 hat of the Alchemist {rElec rPois rF+ rC+ rN+
                  | Will+ rMut rCorr}
 73677 | D:15     | Killed Zoram's ghost
 73687 | D:15     | Identified the +0 pair of boots "Socacixu" {rF+ rC- Dex+2}
 73923 | Slime:1  | Entered Level 1 of the Pits of Slime
 74010 | Slime:1  | You are sucked into a shaft and drop 1 floor!
 75567 | Slime:5  | Entered Level 5 of the Pits of Slime
 75632 | Slime:5  | Noticed the Royal Jelly
 75783 | Slime:5  | Found a viscous altar of Jiyva.
 75810 | Slime:5  | Killed the Royal Jelly
 75818 | Slime:5  | Found the ring of the Hare {EV+10}
 75983 | Slime:5  | Learned a level 6 spell: Statue Form
 75983 | Slime:5  | Identified the +10 plate armour of the Harvest Moon {rN+
                  | Will- Dex+3}
 76022 | Slime:5  | Found the +2 shield of Resistance {rF++ rC++ Will++}
 76032 | Slime:5  | Got a slimy rune of Zot
 76089 | Slime:5  | Identified the +1 chain mail of the Pit {Stlth+}
 76097 | Slime:5  | Identified the +8 long sword of Honour {venom, Dex+5}
 76508 | Zot:1    | Entered Level 1 of the Realm of Zot
 76718 | Zot:1    | Identified the +0 robe of the World {+Blink}
 78143 | Zot:2    | Identified the +7 war axe of Fortitude {holy, rN++ Str-3
                  | Dex+4}
 78219 | Zot:2    | Reached XP level 27. HP: 222/222 MP: 38/45
 78228 | Zot:2    | Learned a level 8 spell: Ignition
 79519 | Zot:3    | Noticed Parghit
 79534 | Zot:3    | Killed Parghit
 82227 | Zot:5    | Entered Level 5 of the Realm of Zot
 82283 | Zot:5    | Found a runed translucent door.
 82283 | Zot:5    | Noticed Gorgondantess's ghost (legendary TeHW)
 82568 | Zot:5    | Noticed a dread lich
 82571 | Zot:5    | Killed a dread lich
 82597 | Zot:5    | Killed Gorgondantess's ghost
 83106 | Zot:5    | Learned a level 6 spell: Dispersal
 83127 | Zot:5    | Noticed an orb of fire
 83128 | Zot:5    | Noticed an orb of fire
 83128 | Zot:5    | Noticed an orb of fire
 83129 | Zot:5    | Noticed an orb of fire
 83130 | Zot:5    | Noticed an orb of fire
 83130 | Zot:5    | Noticed an orb of fire
 83130 | Zot:5    | Noticed an orb of fire
 83547 | Zot:5    | Noticed an orb of fire
 83550 | Zot:5    | Killed an orb of fire
 83554 | Zot:5    | Killed an orb of fire
 83563 | Zot:5    | Noticed an orb of fire
 83573 | Zot:5    | Killed an orb of fire
 83606 | Zot:5    | Noticed an orb of fire
 83607 | Zot:5    | Noticed an orb of fire
 83608 | Zot:5    | Gained mutation: You are frail. (-10% HP) [an orb of fire]
 83614 | Zot:5    | Killed an orb of fire
 83614 | Zot:5    | Killed an orb of fire
 83689 | Zot:5    | Noticed an orb of fire
 83709 | Zot:5    | Killed an orb of fire
 83972 | Zot:5    | Killed an orb of fire
 83974 | Zot:5    | Gained mutation: You are weak. (Str -2) [an orb of fire]
 83983 | Zot:5    | Killed an orb of fire
 83983 | Zot:5    | Killed an orb of fire
 84020 | Zot:5    | Killed an orb of fire
 84026 | Zot:5    | Gained mutation: You occasionally shout uncontrollably at
                  | your foes. [an orb of fire]
 84028 | Zot:5    | Killed an orb of fire
 84250 | Zot:5    | Killed an orb of fire
 84413 | Zot:5    | Got the Orb of Zot
 84657 | Depths:3 | Noticed Urhiagenti the pandemonium lord
 84782 | D:12     | Noticed Woutyat the pandemonium lord
 84796 | D:12     | Killed Woutyat the pandemonium lord
 85019 | D:10     | Noticed Ywkipit the pandemonium lord
 85254 | D:1      | Learned a level 6 spell: Statue Form
 85256 | D:$      | Escaped with the Orb!

Illustrated notes

Levels and vault maps discovered:
D:1:      dpeg_arrival_morbid_curiosity, layout_rooms, roderic_lattice_a
D:2:      layout_loops_ring, ebering_ecumenical_altar_rust, minivault_27,
          minmay_fractal_squares_5, uniq_robin
D:3:      layout_loops_corners, mainiacjoe_overflow_alcove_4, serial_shops,
          shop, gup_sewer_entry_bubbles, hellmonk_ghost_happy_afterlife
D:4:      layout_loops_ring, minmay_temple_entry_waves, serial_rivers,
          chequers_serial_rivers_micro_e, chequers_serial_rivers_marsh,
          chequers_serial_rivers_micro_b, chequers_serial_rivers_micro_b,
          chequers_serial_rivers_small_a, uniq_blork_the_orc
D:5:      cheibrodos_two_vegetables, layout_cave_pools,
          nemelex_dance_club_becter, grunt_decor_junction,
          minmay_divided_ellipse
D:6:      layout_basic, serial_bayou, serial_bayou_shore_a, serial_bayou_pond_c,
          serial_bayou_shore_b, serial_bayou_pond_c, serial_bayou_ford_a
D:7:      layout_basic, lemuel_crystal_altar,
          minmay_guarded_unrand_staff_of_olgreb
D:8:      kennysheep_spiral_hall, layout_rooms,
          mainiacjoe_overflow_concentric_impassable, serial_curves,
          eino_curves_03, eino_curves_04, eino_curves_03, eino_curves_01
D:9:      layout_rooms, serial_shops, nicolae_shop_statue_plus,
          corexii_hall_statues_u, st_stairs_7, ebering_dispersal_statue_hall,
          uniq_joseph
D:10:     layout_roguey, overflow_temple_1_default,
          nicolae_overflow_hidden_temple, nrook_uturn, nicolae_take_the_stairs,
          kennysheep_generic_room_15, uniq_fannar, uniq_josephine, uniq_lodul
D:11:     layout_loops_corners, dpeg_oklobed_lair, orc_0_dummy, uniq_maurice
D:12:     layout_roguey, gauntlet_entry_generic, lemuel_nasty_fountain,
          uniq_jorgrun, uniq_nessos, uniq_snorg
D:13:     layout_roguey, serial_glass, glass_columns_b, glass_columns_b,
          item_on_display_a, item_on_display_a, item_on_display_a,
          due_unseen_surprise, nicolae_lava_and_water
D:14:     layout_rooms, grunt_vaults_entry_tiered, minivault_4, uniq_kirke
D:15:     grunt_enter_depths_magical_seal, layout_basic, grunt_decor_one_mirror,
          ploomutoo_gammafunk_ghost_potion_laboratory, reono_crystal_passage
Temple:   oiseaux_autumnal_temple
Lair:1:   layout_chaotic_city, st_stairs_7, uniq_sonja, uniq_grum
Lair:2:   layout_hall_layers, serial_bayou_pond_a
Lair:3:   layout_chaotic_city, minmay_shoals_entry_beasts,
          minmay_snake_entry_guardpost_medium, uniq_rupert
Lair:4:   layout_roguey, dpeg_slime_entry_enclosed, tgw_fedhas
Lair:5:   cheibrodos_lair_end_hotspot, layout_regular_city,
          gammafunk_ghost_wrathful_warriors, serial_bayou_shore_b
Shoals:1: layout_shoals, portal_ice_cave_entry_ice_simulacra
Shoals:2: layout_shoals, serial_shops, bzr_entry_dummy,
          ebering_ghost_davey_jones, hangedman_shoals_cup_caves
Shoals:3: layout_shoals, serial_shops, bzr_entry_safe
Shoals:4: shoals_end_hangedman, layout_shoals, nicolae_shoals_seven_spires,
          nicolae_shop_overcharged_wands, uniq_polyphemus
Snake:1:  layout_concentric_octagons, nicolae_wooded_promenade
Snake:2:  layout_honeycomb, serial_shops, nicolae_stop_n_shop_2, st_stairs_5
Snake:3:  layout_rooms, gammafunk_ghost_grave, special_room,
          serial_bayou_shore_b
Snake:4:  snake_pit, layout_misc_corridors, gammafunk_ghost_berserking_beasts,
          drop_trap, minmay_shoptagon
Slime:1:  layout_caves, nicolae_slime_phagocytosis
Slime:2:  layout_caves, uniq_dissolution
Slime:3:  layout_caves
Slime:4:  layout_caves
Slime:5
Orc:1:    layout_caves, basic_altar, uniq_gastronok
Orc:2:    st_orc_open, layout_caves, gammafunk_ghost_smash, serial_shops, shop
Elf:1:    eino_elf_arrival_the_gate, layout_onion_city, orc_legates, door_vault,
          uniq_roxanne
Elf:2:    elven_hall_of_blades_hangedman_alternative
          [nicolae_blade_entry_area_security], layout_geoelf_octagon,
          roderic_roman_lattice, hex_intersection, uniq_zenata
Elf:3:    minmay_elf_hall_dome, layout_gridlike
Vaults:1: v_misc_23, ontoclasm_vaults_chip, hangedman_vaults_stitches,
          vaults_room_door_hall, hangedman_vaults_pinch,
          ontoclasm_vaults_hangar, vaults_standard_mumra_x,
          nicolae_vaults_asterisk, ontoclasm_vaults_ligature,
          grunt_vaults_diagonal, v_rooms_4, grunt_vaults_hallway_short,
          layout_vaults_ring
Vaults:2: v_misc_26, nicolae_vaults_quadrants, vaults_room_hallway, v_misc_10,
          vaults_room_octagon, v_misc_15, v_misc_5, nicolae_vaults_network_star,
          nicolae_vaults_yaktaur_gun_rack, hangedman_vaults_stretched_pinwheel,
          ontoclasm_vaults_loading_screen, v_misc_27, layout_vaults_omnibox,
          serial_shops, nicolae_shop_crystal, shop, nicolae_square_shop, shop,
          nicolae_square_shop
Vaults:3: minmay_crypt_entry_simple_corners, ontoclasm_vaults_decontamination,
          v_rooms_1, vaults_room_octagon, v_misc_13, hangedman_vaults_maws,
          ontoclasm_vaults_pinch, vaults_dpeg_hooks, vaults_room_grid,
          v_misc_10, serial_ice_b, layout_vaults_chaotic_city
Vaults:4: ebering_ghost_inner_flame, vaults_standard_mumra_lines,
          vaults_room_ringed_pool, nicolae_vaults_display_case,
          hangedman_vaults_stretched_pinwheel, v_rooms_4, ontoclasm_vaults_eye,
          v_alt_pattern_2, v_misc_17, nicolae_vaults_network_quinsquares
          [nicolae_vaults_network_quincunx_subvault,
          nicolae_vaults_network_quincunx_subvault,
          nicolae_vaults_network_quincunx_subvault,
          nicolae_vaults_network_quincunx_subvault], hangedman_vaults_locks,
          vaults_room_pool, v_misc_25, nicolae_vaults_little_ls,
          vaults_dpeg_ring, layout_vaults_omnicross, serial_shops, uniq_boris,
          uniq_sojobo
Vaults:5: uniq_saint_roka, uniq_xtahua, uniq_frederick
Depths:1: minmay_dotted_concentric_squares, layout_cave_shapes, hell_entry,
          rand_demon_pan_entry_5, nicolae_titane, slow_altar_2
Depths:2: hangedman_six_sided_sadism, layout_gridlike, enter_ziggurat_d,
          pan_entry, hangedman_abyss_or_decor_stabs, grunt_mini_vestibule,
          nicolae_stop_n_shop_1, dispersion_dpeg
Depths:3: minmay_textured_paths, layout_gridville, gammafunk_ghost_tricky_traps,
          abyss_entry_flame_altar, pf_coc_iceberg, minmay_misc_feat_ornament,
          hangedman_decor_peaks_small, minmay_mirror_moons_of_madness
Depths:4: grunt_zot_entry_alcove, layout_gridville, minmay_misc_feat_plants,
          pf_vacation_house_of_asmodeus, okawaru_trees_1
Zot:1:    layout_gridlike, grunt_megastairs_5
Zot:2:    kennysheep_six_static_rooms, layout_misc_corridors, st_stairs_7,
          uniq_grunn, uniq_josephina
Zot:3:    layout_cellular_growth, uniq_parghit
Zot:4:    layout_cathedral_of_symmetry, nicolae_zot_crop_circle
Zot:5:    layout_basic, gammafunk_ghost_grave

Skill      XL: |  1  2  3  4  5  6  7  8  9 10 11 12 13 14 15 16 17 18 19 20 21 22 23 24 25 26 27 |
---------------+----------------------------------------------------------------------------------+-----
Stealth        | 10 11 12 13 14 15 16 17 18 19 20 21 | 21.7
Short Blades   | 1 2 3 5 6 7 8 9 10 11 12 13 14 15 16 17 18 20 | 20.0
Axes           | 1 2 3 5 6 7 8 9 10 11 12 13 14 15 16 17 18 20 | 20.0
Maces & Flails | 1 2 3 5 6 7 8 9 10 11 12 13 14 15 16 17 18 20 | 20.0
Polearms       | 1 2 3 5 6 7 8 9 10 11 12 13 14 15 16 17 18 20 | 20.0
Staves         | 1 2 3 5 6 7 8 9 10 11 12 13 14 15 16 17 18 20 | 20.0
Ranged Weapons | 1 2 3 5 6 7 8 9 10 11 12 13 14 15 16 17 18 20 | 20.0
Throwing       | 1 2 3 5 6 7 8 9 10 11 12 13 14 15 16 17 18 20 | 20.0
Armour         | 1 2 3 5 6 7 8 9 10 11 12 13 14 15 16 17 18 20 | 20.0
Shields        | 1 2 3 5 6 7 8 9 10 11 12 13 14 15 16 17 18 20 | 20.0
Unarmed Combat | 1 2 3 5 6 7 8 9 10 11 12 13 14 15 16 17 18 20 | 20.0
Spellcasting   | 1 2 3 5 6 7 8 9 10 11 12 13 14 15 16 17 18 20 | 20.0
Invocations    | 1 2 3 4 5 6 7 8 9 10 11 12 13 14 15 16 17 18 19 20 21 | 21.6
Evocations     | 1 2 3 5 6 7 8 9 10 11 12 13 14 15 16 17 18 20 | 20.0
Conjurations   | 1 2 3 4 5 6 7 8 9 10 11 12 13 14 15 17 | 17.1
Hexes          | 1 2 3 4 5 6 7 8 9 10 11 12 13 14 15 17 | 17.1
Summonings     | 1 2 3 4 5 6 7 8 9 10 11 12 13 14 15 17 | 17.1
Necromancy     | 1 2 3 4 5 6 7 8 9 10 11 12 13 14 15 17 | 17.1
Translocations | 1 2 3 4 5 6 7 8 9 10 11 12 13 14 15 17 | 17.1
Transmutations | 1 2 3 4 5 6 7 8 9 10 11 12 13 14 15 17 | 17.1
Fire Magic     | 1 2 3 4 5 6 7 8 9 10 11 12 13 14 15 16 17 19 | 19.9
Ice Magic      | 1 2 3 4 5 6 7 8 9 10 11 12 13 14 15 17 | 17.1
Air Magic      | 1 2 3 4 5 6 7 8 9 10 11 12 13 14 15 17 | 17.1
Earth Magic    | 1 2 3 4 5 6 7 8 9 10 11 12 13 14 15 17 | 17.1
Poison Magic   | 1 2 3 4 5 6 7 8 9 10 11 12 13 14 15 17 | 17.1
Long Blades    | 5 6 7 8 9 10 11 12 13 14 15 16 17 18 19 20 | 20.4
Dodging        | 5 6 7 8 9 10 11 12 13 14 15 16 17 18 19 20 | 20.4
Fighting       | 7 8 9 10 11 12 13 14 15 16 17 18 19 20 | 20.8

Action                     |  1- 3 |  4- 6 |  7- 9 | 10-12 | 13-15 | 16-18 | 19-21 | 22-24 | 25-27 || total
---------------------------+-------+-------+-------+-------+-------+-------+-------+-------+-------++-------
  Melee: Falchion          |    32 |    35 |       |       |       |       |       |       |       ||    67
         Short sword       |     2 |       |       |       |       |       |       |       |       ||     2
         Punch             |     2 |     5 |     4 |       |       |     1 |       |       |       ||    12
         Bite              |     1 |    28 |    47 |   147 |   137 |   225 |    97 |    78 |    98 ||   858
         Dagger            |       |   210 |   297 |   566 |     3 |    10 |       |       |       ||  1086
         Kick              |       |     5 |       |       |       |       |       |       |       ||     5
         Headbutt          |       |     1 |       |       |       |       |       |       |       ||     1
         Rapier            |       |       |    15 |    18 |       |       |       |       |       ||    33
         Scimitar          |       |       |       |   190 |    68 |       |       |       |       ||   258
         Staff             |       |       |       |    32 |   703 |  1122 |    89 |       |       ||  1946
         Eveningstar       |       |       |       |       |       |    78 |       |       |       ||    78
         Double sword      |       |       |       |       |       |     7 |  1086 |  1382 |  2140 ||  4615
   Fire: Sling             |       |       |       |    63 |       |       |       |       |       ||    63
  Throw: Dart              |       |     2 |       |       |     3 |     3 |       |       |       ||     8
         Boomerang         |       |       |       |     6 |       |       |       |       |       ||     6
         Throwing net      |       |       |       |     1 |       |       |       |       |       ||     1
   Cast: Beastly Appendage |       |     2 |       |       |       |       |       |       |       ||     2
         Summon Guardian G |       |       |     3 |     9 |     4 |       |       |       |       ||    16
         Wereblood         |       |       |       |     4 |     9 |    20 |    27 |    33 |    19 ||   112
         Stone Arrow       |       |       |       |     1 |       |       |       |       |       ||     1
         Summon Mana Viper |       |       |       |       |     2 |       |       |       |       ||     2
         Passwall          |       |       |       |       |     5 |     2 |       |       |       ||     7
         Animate Dead      |       |       |       |       |       |       |     2 |       |     2 ||     4
         Manifold Assault  |       |       |       |       |       |       |   299 |   529 |   865 ||  1693
         Lesser Beckoning  |       |       |       |       |       |       |    25 |       |       ||    25
         Animate Armour    |       |       |       |       |       |       |    25 |    42 |     4 ||    71
         Borgnjor's Vile C |       |       |       |       |       |       |     3 |       |     1 ||     4
         Confusing Touch   |       |       |       |       |       |       |     2 |       |       ||     2
         Death Channel     |       |       |       |       |       |       |       |       |    21 ||    21
         Statue Form       |       |       |       |       |       |       |       |       |     5 ||     5
 Invoke: Slouch            |       |       |       |     7 |     5 |    11 |     5 |     1 |    15 ||    44
         Temporal Distorti |       |       |       |       |       |     1 |       |       |       ||     1
Ability: Evoke the Staff o |       |       |       |    13 |   113 |    77 |    34 |       |       ||   237
  Evoke: Wand              |       |       |       |     4 |     8 |     6 |       |       |     3 ||    21
         Box of beasts     |       |       |       |       |       |     1 |       |       |     1 ||     2
         Condenser vane    |       |       |       |       |       |       |     1 |     3 |     2 ||     6
         Tin of tremorston |       |       |       |       |       |       |       |       |     2 ||     2
    Use: Potion            |       |     1 |       |     6 |     2 |     2 |     2 |       |    16 ||    29
         Scroll            |       |       |     8 |     6 |    10 |     9 |     4 |     2 |    17 ||    56
   Stab: Sleeping          |     3 |    23 |    19 |     8 |    13 |    19 |       |       |       ||    85
         Distracted        |       |     1 |     1 |     2 |     1 |     7 |     2 |       |     3 ||    17
         Paralysed         |       |       |       |       |     1 |       |       |       |       ||     1
         Invisible         |       |       |       |       |       |     4 |    26 |    10 |    12 ||    52
         Petrifying        |       |       |       |       |       |     1 |       |       |       ||     1
 Armour: Leather armour    |     5 |    42 |    29 |       |       |       |       |       |       ||    76
         Ring mail         |       |       |     6 |    75 |   122 |    87 |       |       |       ||   290
         Troll leather arm |       |       |       |    22 |       |       |       |       |       ||    22
         Ice dragon scales |       |       |       |       |       |    24 |       |       |       ||    24
         Plate armour      |       |       |       |       |       |    46 |     4 |       |       ||    50
         Gold dragon scale |       |       |       |       |       |       |   119 |   151 |   190 ||   460
         Skin              |       |       |       |       |       |       |       |       |     3 ||     3
  Dodge: Dodged            |    29 |   156 |   220 |   640 |   974 |  1141 |   487 |   408 |   675 ||  4730
         Repelled          |       |       |     2 |     2 |       |       |       |       |       ||     4
  Block: Buckler           |       |       |    37 |   225 |   420 |   232 |       |       |       ||   914
         Kite shield       |       |       |       |       |       |   655 |   688 |   681 |   756 ||  2780

Table legend: (Time is in decaauts)
 A = Elapsed time spent in this place.
 B = Non-inter-level travel time spent in this place.
 C = Inter-level travel time spent in this place.
 D = Time resting spent in this place.
 E = Time spent auto-exploring this place.
 F = Levels seen in this place.
 G = Mean time per level.
                   A        B        C        D        E       F      G
               +--------+--------+--------+--------+--------+-----+--------+
         Total | 121385 | 107430 |  13955 |  15215 |  73354 |  57 | 2129.6 |
       Dungeon |  30086 |  24303 |   5783 |   5034 |  14467 |  15 | 2005.7 |
        Temple |    379 |    289 |     90 |      0 |    271 |   1 |  379.0 |
          Lair |  13552 |  11426 |   2126 |   1900 |   8042 |   5 | 2710.4 |
        Shoals |   8411 |   7651 |    760 |    650 |   5130 |   4 | 2102.8 |
     Snake Pit |   9449 |   8516 |    933 |   1781 |   5199 |   4 | 2362.2 |
    Slime Pits |   3528 |   3164 |    364 |    344 |   2141 |   5 |  705.6 |
  Orcish Mines |   3153 |   2429 |    724 |    144 |   1922 |   2 | 1576.5 |
   Elven Halls |   9005 |   7965 |   1040 |   1118 |   5186 |   3 | 3001.7 |
        Vaults |  16062 |  15326 |    736 |    753 |  12894 |   5 | 3212.4 |
        Depths |  12860 |  11995 |    865 |    857 |   9509 |   4 | 3215.0 |
           Zot |  11601 |  11073 |    528 |   2058 |   7462 |   5 | 2320.2 |
         Abyss |   1207 |   1207 |      0 |    332 |     61 |   1 | 1207.0 |
        Bazaar |    546 |    546 |      0 |      0 |    317 |   2 |  273.0 |
      Ice Cave |   1540 |   1540 |      0 |    240 |    750 |   1 | 1540.0 |
               +--------+--------+--------+--------+--------+-----+--------+

Top non-repeatable levels by time:
Depths:2: 5197 daAuts
    D:11: 4452 daAuts
  Lair:5: 4171 daAuts
Vaults:4: 3654 daAuts
Depths:3: 3410 daAuts
Vaults:3: 3401 daAuts
Vaults:2: 3363 daAuts
   Elf:1: 3358 daAuts
 Snake:4: 3092 daAuts
   Elf:3: 3081 daAuts
  Lair:4: 2935 daAuts
   Zot:5: 2884 daAuts
    D:12: 2861 daAuts
Vaults:5: 2831 daAuts
Vaults:1: 2811 daAuts
